 Dungeon Crawl Stone Soup version 0.29.1-15-g9cfb28693d (webtiles) character file.

Game seed: 11535429626230444256

1392 jesase the Grappler (level 8, 0/78 HPs)
             Began as a Troll Berserker on Mar 4, 2023.
             Was a Priest of Trog.
             Killed from afar by an orc wizard (7 damage)
             ... with a magic dart
             ... on level 6 of the Dungeon.
             The game lasted 00:15:39 (3956 turns).

jesase the Grappler (Troll Berserker)               Turns: 3956, Time: 00:15:42

Health: 0/78       AC:  4    Str: 34    XL:     8   Next: 41%
Magic:  7/7        EV: 10    Int:  3    God:    Trog [***...]
Gold:   372        SH:  0    Dex:  9    Spells: 7/7 levels left

rFire   . . .      SeeInvis .     - Unarmed
rCold   . . .      Faith    .   (no shield)
rNeg    . . .      Spirit   .   a - +0 animal skin
rPois   .          Reflect  .   (helmet restricted)
rElec   .          Harm     .   (no cloak)
rCorr   .          Rampage  .   (gloves unavailable)
Will    .....                   (boots unavailable)
Stlth   +.........              (no amulet)
HPRegen 1.03/turn               e - +6 ring of strength
MPRegen 0.10/turn               (no ring)

@: confused, on berserk cooldown, slowed, very slow
A: large, unfitting armour, claws 3, regeneration 1, shaggy fur 1, tough skin 1
a: Renounce Religion, Berserk, Trog's Hand


You were on level 6 of the Dungeon.
You worshipped Trog.
Trog was most pleased with you.
You visited 1 branch of the dungeon, and saw 6 of its levels.

You collected 372 gold pieces.

Inventory:

Hand Weapons
 i - a +2 flail of holy wrath
 n - a +4 quarterstaff of flaming
Missiles
 h - 5 datura-tipped darts
Armour
 a - a +0 animal skin (worn)
Jewellery
 e - a +6 ring of strength (left claw)
Wands
 b - a wand of iceblast (1)
 p - a wand of polymorph (8) (quivered)
 q - a wand of flame (12)
Scrolls
 f - 3 scrolls of magic mapping
 m - 2 scrolls of teleportation
 r - 3 scrolls of blinking
 s - 2 scrolls of immolation {unknown}
 u - a scroll of fear {unknown}
Potions
 c - a potion of attraction
 d - 3 potions of heal wounds
 g - 3 potions of lignification
 j - 2 potions of curing {unknown}
 k - a potion of berserk rage {unknown}
 l - 4 potions of degeneration {unknown}
 o - a potion of flight {unknown}
 t - a potion of might {unknown}


   Skills:
 * Level 4.0 Fighting
 + Level 4.4 Dodging
 - Level 1.0 Stealth
 + Level 8.7 Unarmed Combat
 - Level 0.6 Evocations


You had 7 spell levels left.
You didn't know any spells.
Your spell library contained the following spells:

 Spells                   Type           Power      Damage    Failure   Level
 Static Discharge         Conj/Air       0%         3-3/arc   67%         2
 Dispel Undead            Necr           0%         3d6       99%         4
 Sticky Flame             Conj/Fire      0%         2d3       99%         4


Dungeon Overview and Level Annotations

Branches:
Dungeon (6/15)             Temple (0/1) D:4

Altars:
Ashenzari
Cheibriados
Elyvilon
Makhleb
Nemelex Xobeh
Sif Muna
Trog
Wu Jian
Zin
The Shining One

Shops:
D:3 (   D:4 *


Innate Abilities, Weirdness & Mutations

You are too large for most types of armour.
You have claws for hands.
Your natural rate of healing is unusually fast.
You are covered in fur. (AC +1)
You have tough skin. (AC +1)


Message History

Trog accepts your kill. The orc warrior completely misses you.
The orc wizard gestures wildly while chanting.
The orc wizard flickers and vanishes!
Deactivating autopickup; reactivate with Ctrl-A.
You barely miss the orc warrior. You claw the orc warrior!
The orc warrior is moderately wounded.
The orc warrior hits you with a +0 halberd!
You hear some strange, mumbled words.
You are confused.
You are too confused!
You are too confused!
The orc warrior closely misses you.
You feel a strong urge to attack something.
The orc warrior hits you from afar with a +0 halberd.
You hear some strange, mumbled words.
Something tries to affect you, but you resist.
You feel your anger nearly subside.
You are no longer berserk.
You are exhausted.
You feel yourself slow down. The orc warrior closely misses you.
The orc wizard points at you and mumbles some strange words.
The magic dart hits you.
You are too injured to fight recklessly!
You are too injured to fight recklessly!
You're too confused to aim your attacks!
You're too confused to aim your attacks!
You're too confused to aim your attacks!
You are too injured to fight recklessly!
You scratch the orc wizard.
The orc wizard is moderately wounded.
The orc warrior hits you with a +0 halberd!
The orc wizard barely misses you.
The orc wizard attacks as you move away!
The orc wizard barely misses you.
The orc warrior hits you from afar with a +0 halberd!!
* * * LOW HITPOINT WARNING * * *
The orc wizard points at you and mumbles some strange words.
The magic dart hits you!
You die...

<....# #.#.#.#.....##.#.
.###.###.#.#.#.#).......
.)..............)..>#...
#†.#####.###.#.##.#.# #
...........#.#.##?#.#.#
########.#.#.#.##.....#.(#
....#....#.#.#.#.o){.....#
###+###.##.#.#.##o#.###.##
[.......# .#.#..@.#.#
........# .#.######.#
........# .# o# ........#
.# .. ........# o#
........# o# ........#
........# ........# #


You could see an orc warrior and an orc wizard.

Vanquished Creatures
  Menkaure (D:4)
  Edmund (D:4)
  A black bear (D:5)
  An ice beast (D:5)
  An ogre (D:6)
  A centaur (D:6)
  2 phantoms
  A necrophage (D:5)
  A bullfrog (D:6)
  A scorpion (D:5)
  4 killer bees (D:4)
  An orc priest (D:6)
  A hound (D:6)
  A jelly (D:4)
  Crazy Yiuf (D:2)
  Terence (D:2)
  3 iguanas
  3 adders
  2 worms (D:4)
  2 dart slugs
  8 orcs
  9 ball pythons
  2 bats
  7 endoplasms
  6 giant cockroaches
  5 hobgoblins
  5 kobolds
  2 quokkas
  3 frilled lizards
  8 goblins
  2 rats
87 creatures vanquished.

Notes
Turn   | Place    | Note
-------+----------+-------------------------------------------
     0 | D:1      | jesase the Troll Berserker began the quest for the Orb.
     0 | D:1      | Reached XP level 1. HP: 22/22 MP: 0/0
    88 | D:1      | Reached XP level 2. HP: 27/29 MP: 1/1
   333 | D:1      | Found a faded altar of an unknown god.
   447 | D:2      | Reached XP level 3. HP: 36/36 MP: 2/2
   583 | D:2      | Noticed Terence
   587 | D:2      | Killed Terence
   588 | D:2      | Reached ** piety under Trog
   665 | D:2      | Found a runed translucent door.
   666 | D:2      | Noticed Crazy Yiuf
   673 | D:2      | Killed Crazy Yiuf
   674 | D:2      | Reached skill level 4 in Unarmed Combat
   674 | D:2      | Reached XP level 4. HP: 35/45 MP: 3/3
  1035 | D:3      | Found a snail-covered altar of Cheibriados.
  1346 | D:3      | Found Sieppusk's Antique Weapon Shoppe.
  1486 | D:3      | Found a bloodstained altar of Trog.
  1762 | D:4      | Noticed a phantom
  1770 | D:4      | Killed a phantom
  1771 | D:4      | Reached XP level 5. HP: 53/53 MP: 4/4
  1835 | D:4      | Found a shimmering blue altar of Sif Muna.
  1840 | D:4      | Reached skill level 5 in Unarmed Combat
  1936 | D:4      | Reached XP level 6. HP: 42/61 MP: 5/5
  1948 | D:4      | Reached skill level 6 in Unarmed Combat
  2085 | D:4      | Found a staircase to the Ecumenical Temple.
  2096 | D:4      | Noticed Menkaure
  2110 | D:4      | Killed Menkaure
  2196 | D:4      | Reached XP level 7. HP: 62/67 MP: 6/6
  2243 | D:4      | Noticed Edmund
  2252 | D:4      | Killed Edmund
  2387 | D:4      | Reached skill level 7 in Unarmed Combat
  2562 | D:4      | Found Sanoo's Fire Supplies.
  2614 | D:4      | Found a sparkling altar of Nemelex Xobeh.
  2740 | D:5      | Entered Level 5 of the Dungeon
  2761 | D:5      | Found a burning altar of Makhleb.
  2827 | D:5      | Found a glowing golden altar of the Shining One.
  2830 | D:5      | Found a broken altar of Ashenzari.
  3188 | D:5      | Reached XP level 8. HP: 76/76 MP: 7/7
  3221 | D:5      | Reached skill level 1 in Stealth
  3221 | D:5      | Reached skill level 8 in Unarmed Combat
  3247 | D:5      | Found a white marble altar of Elyvilon.
  3418 | D:5      | Found an ornate altar of the Wu Jian Council.
  3691 | D:6      | Reached *** piety under Trog
  3739 | D:6      | Found a glowing silver altar of Zin.
  3740 | D:6      | Noticed an angel
  3956 | D:6      | Killed from afar by an orc wizard

Illustrated notes

Levels and vault maps discovered:
D:1:      saegor_arrival_miasma, layout_rooms, chequers_ecumenical_altar_simple
D:2:      layout_rooms, uniq_terence, uniq_crazy_yiuf_cottage
D:3:      layout_loops_corners, trog_book, mainiacjoe_overflow_small_starburst,
          serial_shops, nicolae_square_shop
D:4:      layout_basic, kennysheep_mini, nicolae_overflow_crystal_walls,
          minmay_temple_entry_glass, nicolae_shop_fire_sale
          [nicolae_sub_dead_trees], uniq_edmund, uniq_menkaure
D:5:      layout_cave_pods, mainiacjoe_overflow_alcove_4,
          nicolae_elyvilon_peaceful_grove, mainiacjoe_overflow_six_doors_small,
          nicolae_overflow_squiral
D:6:      layout_basic, zin_angel, minmay_misc_feat_alley

Skill      XL: |  1  2  3  4  5  6  7  8 |
---------------+-------------------------+-----
Dodging        | 3 4 |  4.4
Fighting       | 3 4 |  4.0
Unarmed Combat | 4 5 6 7 8 |  8.7
Stealth        | 1 |  1.0
Evocations     | |  0.6

Action                   |  1- 3 |  4- 6 |  7- 9 || total
-------------------------+-------+-------+-------++-------
Melee: Unarmed           |    67 |    77 |    91 ||   235
       Punch             |     3 |       |     3 ||     6
Invok: Berserk           |     1 |     2 |     2 ||     5
Evoke: Wand              |       |     1 |       ||     1
  Use: Scroll            |       |     9 |     1 ||    10
       Potion            |       |     1 |       ||     1
 Stab: Sleeping          |     1 |       |       ||     1
Armor: Animal skin       |    20 |    20 |    12 ||    52
       Skin              |       |    11 |       ||    11
Dodge: Dodged            |    23 |    39 |    57 ||   119
